 Dungeon Crawl Stone Soup version 0.28-a0-845-gfc338a8e3c (webtiles) character file.

Game seed: 8241185616077586136

121 tatocazan the Stinger (level 4, -1/30 HPs)
             Began as a Demonspawn Venom Mage on Nov 12, 2021.
             Slain by a black bear (4 damage)
             ... on level 3 of the Dungeon.
             The game lasted 00:09:06 (3839 turns).

tatocazan the Stinger (Demonspawn Venom Mage)       Turns: 3839, Time: 00:09:06

Health: -1/30      AC:  6    Str:  8    XL:     4   Next: 77%
Magic:  1/8        EV: 12    Int: 18    God:
Gold:   166        SH:  0    Dex: 13    Spells: 3/9 levels left

rFire   . . .      SeeInvis .   h - +0 dagger
rCold   . . .      Faith    .   (no shield)
rNeg    . . .      Spirit   .   a - +0 robe
rPois   .          Reflect  .   (helmet restricted)
rElec   .          Harm     .   (no cloak)
rCorr   .          Rampage  .   (no gloves)
Will    .....                   f - +0 pair of boots
Stlth   ++........              (no amulet)
HPRegen 0.10/turn               (no ring)
MPRegen 0.11/turn               (no ring)

@: no status effects
A: horns 1, thin metallic scales 2
a: no special abilities


You were on level 3 of the Dungeon.
You visited 1 branch of the dungeon, and saw 4 of its levels.

You collected 166 gold pieces.

Inventory:

Hand Weapons
 b - a +1 dagger of distortion
 h - a +0 dagger (weapon)
Armour
 a - a +0 robe (worn)
 f - a +0 pair of boots (worn)
Jewellery
 c - a ring of flight
Scrolls
 d - 2 scrolls of identify {unknown}
 g - a scroll of enchant weapon {unknown}
 k - a scroll of acquirement {unknown}
 l - 2 scrolls of enchant armour {unknown}
Potions
 e - a potion of flight {unknown}
 i - 2 potions of heal wounds {unknown}
 j - a potion of might {unknown}
 m - a potion of degeneration {unknown}


   Skills:
 + Level 2.3 Dodging
 + Level 2.5 Stealth
 * Level 3.0 Spellcasting
 + Level 0.9 Conjurations
 + Level 1.7 Transmutations
 + Level 3.5 Poison Magic


You had 3 spell levels left.
You knew the following spells:

 Your Spells              Type           Power      Damage    Failure   Level
a - Sting                 Tmut/Pois      48%        1d5       5%          1
b - Poisonous Vapours     Pois/Air       18%        N/A       12%         2
c - Mephitic Cloud        Conj/Pois/Air  8%         N/A       26%         3

Your spell library contained the following spells:

 Spells                   Type           Power      Damage    Failure   Level
 Slow                     Hex            8%         N/A       16%         1
 Spider Form              Tmut/Pois      12%        N/A       17%         3
 Ensorcelled Hibernation  Hex/Ice        4%         N/A       24%         2
 Dazzling Flash           Conj/Hex       8%         N/A       38%         3
 Confusing Touch          Hex            2%         N/A       43%         3
 Olgreb's Toxic Radiance  Pois           15%        N/A       36%         4
 Iskenderun's Mystic Bla  Conj/Tloc      4%         2d3       80%         4
 Yara's Violent Unravell  Hex/Tmut       2%         3d3       97%         5
 Starburst                Conj/Fire      2%         6d3       100%        6


Dungeon Overview and Level Annotations

Branches:
Dungeon (4/15)
 Temple: D:4-7

Altars:
Nemelex Xobeh
Uskayaw


Innate Abilities, Weirdness & Mutations

You have a pair of small horns on your head.
You are mostly covered in thin metallic scales. (AC +3)


Message History

There is a stone staircase leading down here.
You take 3 damage, and have 27/30 hp.
The black bear looks more healthy.
Casting: Poisonous Vapours (safe; 12% risk of failure)
Confirm with . or Enter, or press ? or * to list all spells.
Aiming: Poisonous Vapours (safe; 12% risk of failure)
Press: ? - help, Dir - move target, f - black bear
Aim: a black bear (heavily wounded) Poisonous vapours surround the black bear!
The black bear is poisoned.
The black bear bites you. The black bear closely misses you.
The black bear claws you but does no damage.
You take 6 damage, and have 23/30 hp.
You now have 1/8 mp.
The black bear goes berserk!
The black bear looks more healthy.
The black bear bites you but does no damage.
The black bear barely misses you. The black bear closely misses you.
The black bear rages.
The black bear bites you! The black bear claws you.
The black bear barely misses you.
You take 12 damage, and have 12/30 hp.
MASSIVE DAMAGE!!
The black bear misses you. The black bear barely misses you.
The black bear claws you but does no damage.
The black bear bites you!
* * * LOW HITPOINT WARNING * * *
The black bear closely misses you.
The black bear claws you but does no damage.
You take 10 damage, and have 3/30 hp.
MASSIVE DAMAGE!!
The black bear bites you but does no damage.
The black bear closely misses you. x2
The black bear barely misses you. The black bear completely misses you.
The black bear claws you but does no damage.
Casting: Poisonous Vapours (safe; 12% risk of failure)
Confirm with . or Enter, or press ? or * to list all spells.
Aiming: Poisonous Vapours (safe; 12% risk of failure)
Press: ? - help, Dir - move target, f/p - black bear
Aim: a black bear (severely wounded, berserk) Poisonous vapours surround the black bear!
The black bear is poisoned.
The black bear bites you.
You die...

#.## # ##### #.#
#########...#
########.#
..........#.#
#........#
###.#####...#
#.######## ....#
##..###########.#
#####
#..#..<........#
#..#.###########
# ####......@h..#
##
#.........###.#
.######.###.#.#.#
#.# ##########
....##........#.#
#.####.........
.##.##..###..##.#
#..........####
##..##..# ##.##.#
######.###.#
#.#.##..####.##.#
#.# #.#
.###.........##.#
#.# #.#
..#.#...####.##.#
#.# #.#


You could see a black bear (berserk, poisoned).

Vanquished Creatures
  Natasha (twice) (D:2)
  2 adders
  A worm (D:3)
  A dart slug (D:1)
  4 orcs
  4 ball pythons
  4 endoplasms
  3 giant cockroaches
  8 goblins
  3 hobgoblins
  3 jackals (D:2)
  4 kobolds
  3 bats
  4 rats
46 creatures vanquished.

Notes
Turn   | Place    | Note
-------+----------+-------------------------------------------
     0 | D:1      | tatocazan the Demonspawn Venom Mage began the quest for the
                  | Orb.
     0 | D:1      | Reached XP level 1. HP: 13/13 MP: 3/3
   135 | D:1      | Reached skill level 1 in Transmutations
   330 | D:1      | Gained mutation: You are partially covered in thin metallic
                  | scales. (AC +2) [demonic ancestry]
   330 | D:1      | Reached XP level 2. HP: 17/19 MP: 1/5
  1106 | D:1      | Learned a level 2 spell: Poisonous Vapours
  1310 | D:2      | Gained mutation: You have a pair of small horns on your
                  | head. [demonic ancestry]
  1310 | D:2      | Reached XP level 3. HP: 21/24 MP: 2/6
  1353 | D:2      | Learned a level 3 spell: Mephitic Cloud
  1702 | D:2      | Noticed Natasha
  1714 | D:2      | Killed Natasha
  1715 | D:2      | Gained mutation: You are mostly covered in thin metallic
                  | scales. (AC +3) [demonic ancestry]
  1715 | D:2      | Reached XP level 4. HP: 18/30 MP: 1/8
  2001 | D:2      | Found a faded altar of an unknown god.
  2065 | D:2      | Noticed Natasha
  2075 | D:2      | Killed Natasha
  3075 | D:3      | Found a hide-covered altar of Uskayaw.
  3076 | D:3      | Noticed a +0 hand axe
  3076 | D:3      | Noticed a +0 dagger
  3193 | D:3      | Found a sparkling altar of Nemelex Xobeh.
  3786 | D:4      | Noticed a black bear
  3839 | D:3      | Slain by a black bear

Illustrated notes

Levels and vault maps discovered:
D:1:      dpeg_arrival_round_b, layout_basic
D:2:      layout_loops_ring, shapermc_ecumenical_altar_petra, uniq_natasha
D:3:      layout_loops_ring, dancing_weapons_uskayaw,
          nemelex_diamond_rough_becter
D:4:      layout_layer_cave, nicolae_dithmenos_through_a_glass_darkly,
          fedhas_altar_2, mainiacjoe_overflow_24_doors, temple_green,
          serial_bayou_pond_a, hangedman_decor_growths, minmay_puff, uniq_robin,
          uniq_blork_the_orc

Skill      XL: |  1  2  3  4 |
---------------+-------------+-----
Transmutations | 1 |  1.7
Stealth        | 2 |  2.5
Dodging        | 2 |  2.3
Spellcasting   | 3 |  3.0
Conjurations   | |  0.9
Poison Magic   | |  3.5

Action                   |  1- 3 |  4- 6 || total
-------------------------+-------+-------++-------
Melee: Dagger            |       |     5 ||     5
       Headbutt          |       |     1 ||     1
 Cast: Sting             |    47 |    34 ||    81
       Poisonous Vapours |     2 |    12 ||    14
Armor: Robe              |    13 |    13 ||    26
Dodge: Dodged            |    22 |    19 ||    41

Table legend: (Time is in decaauts)
 A = Elapsed time spent in this place.
 B = Non-inter-level travel time spent in this place.
 C = Inter-level travel time spent in this place.
 D = Time resting spent in this place.
 E = Time spent auto-exploring this place.
 F = Levels seen in this place.
 G = Mean time per level.
                   A        B        C        D        E       F      G
               +--------+--------+--------+--------+--------+-----+--------+
         Total |   3850 |   3805 |     45 |   1250 |   2037 |   4 |  962.5 |
       Dungeon |   3850 |   3805 |     45 |   1250 |   2037 |   4 |  962.5 |
               +--------+--------+--------+--------+--------+-----+--------+

Top non-repeatable levels by time:
     D:1: 1688 daAuts
     D:2: 1167 daAuts
     D:3: 976 daAuts
     D:4: 18 daAuts
